 Dungeon Crawl Stone Soup version 0.27-a0-1347-gd8886f0a89 (webtiles) character file.

Game seed: 319668368755163474

4174 mandarbmax the Spear-Bearer (level 10, -3/66 HPs)
             Began as a Merfolk Gladiator on June 27, 2021.
             Was a Follower of Hepliaklqana.
             Slain by a seven-headed hydra (14 damage)
             ... on level 8 of the Dungeon.
             The game lasted 00:21:18 (10146 turns).

mandarbmax the Spear-Bearer (Merfolk Gladiator)    Turns: 10146, Time: 00:21:19

Health: -3/66      AC:  7    Str: 14    XL:     10   Next: 28%
Magic:  10/10      EV: 22    Int:  7    God:    Hepliaklqana [*.....]
Gold:   342        SH:  4    Dex: 20    Spells: 6/9 levels left

rFire    . . .     SeeInvis +   a - +1 trident
rCold    . . .     Faith    .   H - +0 buckler
rNeg     . . .     Spirit   .   k - +0 ring mail
rPois    .         Reflect  .   c - +0 helmet
rElec    .         Harm     .   B - scarf {repulsion}
rCorr    .         Rampage  .   e - +0 pair of gloves
Will     .....                  (no boots)
Stlth    +.........             h - amulet of the acrobat
HPRegen  0.21/turn              j - +4 ring of evasion
MPRegen  0.12/turn              f - ring of see invisible

@: hasted, studying Crossbows, repel missiles, very quick
A: reduced essence, (nimble swimmer 2), mertail
a: Renounce Religion, Recall Ancestor, Ancestor Identity


You were on level 8 of the Dungeon.
You worshipped Hepliaklqana.
Hepliaklqana was aware of your devotion.
You visited 2 branches of the dungeon, and saw 9 of its levels.
You also visited: Sewer.

You collected 342 gold pieces.

Inventory:

Hand Weapons
 a - a +1 trident (weapon)
Missiles
 d - 3 throwing nets (quivered)
 D - 9 boomerangs
 G - 8 poisoned darts
Armour
 c - a +0 helmet (worn)
 e - a +0 pair of gloves (worn)
 k - a +0 ring mail (worn)
 q - a +1 cloak
 B - a scarf of repulsion (worn)
 F - a +2 chain mail of poison resistance
 H - a +0 buckler (worn)
Jewellery
 f - a ring of see invisible (right hand)
 h - an amulet of the acrobat (around neck)
 j - a +4 ring of evasion (left hand)
 w - a ring of flight
 N - a ring of fire
Wands
 l - a wand of digging (17)
 p - a wand of flame (33)
 t - a wand of iceblast (19)
 C - a wand of charming (1)
Scrolls
 b - 2 scrolls of amnesia
 o - a scroll of immolation {unknown}
 u - a scroll of fog {unknown}
 z - a scroll of teleportation
 I - a scroll of torment
 J - 2 scrolls of enchant weapon
 K - 3 scrolls of magic mapping
 M - a scroll of noise {unknown}
Potions
 g - a potion of heal wounds
 i - a potion of haste
 m - 3 potions of mutation
 n - 5 potions of attraction
 r - 3 potions of ambrosia
 s - a potion of resistance
 v - a potion of flight {unknown}
 x - 5 potions of curing {unknown}
 A - 2 potions of lignification
 E - a potion of magic
 L - a potion of cancellation {unknown}


   Skills:
 * Level 5.2 Fighting
 - Level 14.0 Polearms
 - Level 2.0 Throwing
 + Level 2.1 Armour
 * Level 12.5 Dodging


You had 6 spell levels left.
You knew the following spells:

 Your Spells              Type           Power      Damage    Failure   Level
a - Wereblood             Tmut           0%         N/A       93%         2
b - Beastly Appendage     Tmut           0%         N/A       83%         1

Your spell library contained the following spells:

 Spells                   Type           Power      Damage    Failure   Level
 Foxfire                  Conj/Fire      0%         2x1d4     83%         1
 Freeze                   Ice            0%         1d3       83%         1
 Sting                    Tmut/Pois      0%         1d3       83%         1
 Poisonous Vapours        Pois/Air       0%         N/A       93%         2
 Conjure Flame            Conj/Fire      0%         6-21      99%         3
 Ignite Poison            Fire/Tmut/Pois 0%         N/A       99%         3
 Inner Flame              Hex/Fire       0%         N/A       99%         3
 Mephitic Cloud           Conj/Pois/Air  0%         N/A       99%         3
 Spider Form              Tmut/Pois      0%         N/A       99%         3
 Ice Form                 Ice/Tmut       0%         N/A       100%        4
 Olgreb's Toxic Radiance  Pois           0%         N/A       100%        4
 Sticky Flame             Conj/Fire      0%         2d3       100%        4
 Fireball                 Conj/Fire      0%         3d3       100%        5


Dungeon Overview and Level Annotations

Branches:
Dungeon (8/15)             Temple (1/1) D:6           Sewer (visited)
   Lair: D:8-11

Altars:
Ashenzari
Cheibriados
Dithmenos
Elyvilon
Fedhas
Gozag
Hepliaklqana
Kikubaaqudgha
Makhleb
Nemelex Xobeh
Ru
Sif Muna
Trog
Uskayaw
Vehumet
Wu Jian
Xom
Yredelemnul
Zin
The Shining One

Annotations:
D:5 2 transporters
D:6 3 runed translucent doors, Phlounder's ghost, novice DjWn; mdk's ghost, novice MiMo
D:7 3 runed translucent doors, FizzleBang's ghost, novice SpEn


Innate Abilities, Weirdness & Mutations

Your life essence is reduced to manifest your ancestor. (-10% HP)
((You are quick and stealthy near water. (Stealth+, EV+, Speed+++)))
Your lower body shifts to a powerful aquatic tail in water.


Message History

Unknown command.
Okay, then.
You hit the seven-headed hydra.
The seven-headed hydra is moderately wounded.
You feel yourself speed up. The seven-headed hydra misses you.
The seven-headed hydra completely misses you.
The seven-headed hydra barely misses you.
The seven-headed hydra closely misses you.
The seven-headed hydra bites you.
You block the seven-headed hydra's attack.
The seven-headed hydra bites you.
Your shield prevents you from hitting the seven-headed hydra.
The seven-headed hydra is moderately wounded.
The seven-headed hydra completely misses you.
The seven-headed hydra bites you. The seven-headed hydra misses you.
The seven-headed hydra bites you but does no damage. x2
The seven-headed hydra misses you.
The seven-headed hydra barely misses you.
You hit the seven-headed hydra.
The seven-headed hydra is heavily wounded.
Unknown command.
You hit the seven-headed hydra.
The seven-headed hydra is heavily wounded.
The seven-headed hydra bites you. The seven-headed hydra bites you!
The seven-headed hydra completely misses you.
The seven-headed hydra bites you!
The seven-headed hydra barely misses you.
The seven-headed hydra bites you.
The seven-headed hydra barely misses you.
You hit the seven-headed hydra.
The seven-headed hydra is heavily wounded.
You puncture the seven-headed hydra!
The seven-headed hydra is severely wounded.
The seven-headed hydra bites you!
* * * LOW HITPOINT WARNING * * *
The seven-headed hydra completely misses you.
You block the seven-headed hydra's attack.
The seven-headed hydra completely misses you. x3
The seven-headed hydra bites you!
You die...

########### ..........#
.########.#
.########.########
.)...............#
....##.##.#.####.##
......#......##$..#####
....##.##........>....#
.##.##.......##<@.###.#
.# .##.###.###.#D#$#
...... #.........#
...... #.#.....#.#
..........# ......... #
##........ ##.....#.


You could see a seven-headed hydra.

Vanquished Creatures
  Prince Ribbit (D:5)
  Sigmund (D:6)
  A wyvern (D:7)
  Eustachio (D:5)
  Edmund (D:6)
  A water moccasin (D:8)
  Purgy (Sewer)
  An ice beast (D:4)
  2 orc warriors
  4 black bears
  6 necrophages
  An ogre (D:4)
  A centaur (D:8)
  2 phantoms
  A kobold brigand (D:6)
  A wyvern zombie (D:7)
  3 scorpions
  2 vampire bats (D:6)
  A howler monkey (D:4)
  A bullfrog zombie (D:5)
  3 orc priests
  A bullfrog skeleton (D:6)
  4 hounds
  8 orc wizards
  Ijyb (D:5)
  Natasha (thrice) (D:2)
  2 iguanas
  A hound zombie (D:5)
  A hound skeleton (D:4)
  Robin (D:3)
  A howler monkey skeleton (D:7)
  10 adders
  2 white imps (D:6)
  5 worms
  5 dart slugs
  25 orcs
  7 ball pythons
  8 bats
  2 bat skeletons (D:6)
  5 bat zombies
  8 endoplasms
  4 giant cockroaches
  21 goblins
  9 hobgoblins
  9 jackals
  6 quokkas
  4 frilled lizards
  A jackal zombie (D:1)
  7 kobolds
  6 rats
203 creatures vanquished.

Vanquished Creatures (collateral kills)
  A deep elf zephyrmancer (D:7)
  An orc (D:8)
2 creatures vanquished.

Vanquished Creatures (others)
  2 ancestors (D:8)
2 creatures vanquished.

Grand Total: 207 creatures vanquished

Notes
Turn   | Place    | Note
-------+----------+-------------------------------------------
     0 | D:1      | mandarbmax the Merfolk Gladiator began the quest for the
                  | Orb.
     0 | D:1      | Reached XP level 1. HP: 16/16 MP: 1/1
   385 | D:1      | Reached skill level 5 in Polearms
   397 | D:1      | Reached XP level 2. HP: 22/22 MP: 2/2
   898 | D:1      | Reached skill level 6 in Polearms
   898 | D:1      | Reached XP level 3. HP: 27/27 MP: 3/3
  1779 | D:2      | Reached skill level 7 in Polearms
  1779 | D:2      | Reached XP level 4. HP: 19/33 MP: 4/4
  1930 | D:2      | Noticed Natasha
  1944 | D:2      | Killed Natasha
  2001 | D:2      | Noticed Natasha
  2012 | D:2      | Killed Natasha
  2162 | D:2      | Reached skill level 8 in Polearms
  2250 | D:2      | Noticed Natasha
  2260 | D:2      | Killed Natasha
  2261 | D:2      | Reached XP level 5. HP: 27/38 MP: 5/5
  2605 | D:3      | Found a glowing drain.
  2610 | D:3      | Noticed Robin
  2624 | D:3      | Killed Robin
  2630 | D:3      | Reached skill level 9 in Polearms
  2695 | Sewer    | Entered a sewer
  2721 | Sewer    | Noticed Purgy
  2733 | Sewer    | Killed Purgy
  2734 | Sewer    | Reached XP level 6. HP: 44/44 MP: 6/6
  2849 | Sewer    | Reached skill level 10 in Polearms
  3866 | D:4      | Reached XP level 7. HP: 48/50 MP: 7/7
  3901 | D:4      | Reached skill level 11 in Polearms
  4134 | D:4      | Reached skill level 5 in Dodging
  4571 | D:4      | Found an opulent altar of Gozag.
  4652 | D:5      | Entered Level 5 of the Dungeon
  4902 | D:5      | Found a transporter.
  4948 | D:5      | Reached XP level 8. HP: 50/56 MP: 8/8
  4995 | D:5      | Noticed Eustachio
  5015 | D:5      | Killed Eustachio
  5016 | D:5      | Reached skill level 12 in Polearms
  5054 | D:5      | Noticed Ijyb
  5087 | D:5      | Killed Ijyb
  5277 | D:5      | Found a shimmering blue altar of Sif Muna.
  5338 | D:5      | Identified Sif Muna's Almanac of Cold
  5395 | D:5      | Found a transporter.
  5738 | D:5      | Noticed Prince Ribbit
  5763 | D:5      | Killed Prince Ribbit
  5764 | D:5      | Reached skill level 13 in Polearms
  5930 | D:5      | Learned a level 2 spell: Wereblood
  5932 | D:5      | Learned a level 1 spell: Beastly Appendage
  5967 | D:5      | Found a bloodstained altar of Trog.
  6099 | D:5      | Reached XP level 9. HP: 61/61 MP: 9/9
  6357 | D:6      | Noticed Edmund
  6415 | D:6      | Killed Edmund
  6782 | D:6      | Reached skill level 14 in Polearms
  6782 | D:6      | Reached skill level 10 in Dodging
  7051 | D:6      | Found a staircase to the Ecumenical Temple.
  7073 | Temple   | Entered the Ecumenical Temple
  7140 | Temple   | Became a worshipper of Hepliaklqana the Forgotten
  7839 | D:6      | Found a runed translucent gate.
  7844 | D:6      | Found a runed translucent gate.
  7845 | D:6      | Found a runed translucent gate.
  7846 | D:6      | Noticed Phlounder's ghost (novice DjWn)
  7847 | D:6      | Noticed mdk's ghost (novice MiMo)
  8069 | D:6      | Noticed Sigmund
  8102 | D:6      | Killed Sigmund
  8110 | D:6      | Found an ancient bone altar of Kikubaaqudgha.
  8117 | D:6      | Reached skill level 1 in Armour
  8433 | D:7      | Found a runed translucent gate.
  8433 | D:7      | Found a runed translucent gate.
  8435 | D:7      | Found a runed translucent gate.
  8437 | D:7      | Noticed FizzleBang's ghost (novice SpEn)
  8568 | D:7      | Reached * piety under Hepliaklqana
  8629 | D:7      | Reached XP level 10. HP: 56/63 MP: 10/10
  8739 | D:7      | Noticed a deep elf zephyrmancer
  8746 | D:7      | Killed a deep elf zephyrmancer
  8967 | D:7      | Found an ornate altar of the Wu Jian Council.
  9312 | D:7      | Found a sacrificial altar of Ru.
  9339 | D:7      | Found a glowing golden altar of the Shining One.
  9339 | D:7      | Found a glowing silver altar of Zin.
  9645 | D:8      | Reached skill level 5 in Fighting
  9951 | D:8      | Found a hide-covered altar of Uskayaw.
  9960 | D:8      | Found a sparkling altar of Nemelex Xobeh.
 10132 | D:8      | Noticed a seven-headed hydra
 10146 | D:8      | Slain by a seven-headed hydra

Illustrated notes

Levels and vault maps discovered:
D:1:      saegor_arrival_fortress, layout_basic
D:2:      layout_rooms, uniq_natasha
D:3:      layout_loops_cross, portal_sewer_entry_f, minmay_ruptured, uniq_robin
D:4:      layout_gridville, overflow_temple_1_default, st_stairs_13
D:5:      gammafunk_cloud_chamber, layout_cave_pools, led_sif_book, trog_book,
          serial_glass, glass_columns_c, glass_columns_b,
          minmay_strange_pillars, item_on_display_a, feat_on_display,
          minmay_strange_pillars, nrook_pool_corridor,
          minmay_misc_feat_secret_circle, uniq_prince_ribbit1, uniq_ijyb,
          uniq_eustachio
D:6:      layout_gridville, kennysheep_vampire_church,
          minmay_temple_entry_glass, gammafunk_ghost_cemetery,
          minmay_manual_mullet, uniq_edmund, uniq_sigmund
D:7:      layout_loops_ring, marbit_many_paths, general_overflow_altar,
          gammafunk_temple_overflow_elements, ebering_ghost_rock_garden,
          guppyfry_early_elven_hall
D:8:      layout_loops_ring, amcnicky_altar_gilded, lemuel_tele_altar,
          nemelex_xobeh_ov_fountains_minmay, old_standard_altar,
          hangedman_decor_opposing
Temple:   cyrus_temple_forest

Skill      XL: |  1  2  3  4  5  6  7  8  9 10 |
---------------+-------------------------------+-----
Polearms       | 5 6 7 8 9 10 11 13 14 | 14.0
Dodging        | 6 9 11 12 | 12.5
Fighting       | 3 5 |  5.2
Armour         | 1 2 |  2.1
Throwing       | |  2.0

Action                   |  1- 3 |  4- 6 |  7- 9 | 10-12 || total
-------------------------+-------+-------+-------+-------++-------
Melee: Trident           |   152 |   239 |   549 |    66 ||  1006
Throw: Boomerang         |       |       |    33 |    13 ||    46
 Cast: Beastly Appendage |       |       |     1 |       ||     1
Invok: Recall Ancestor   |       |       |       |     1 ||     1
Evoke: Wand              |       |       |     6 |     5 ||    11
  Use: Potion            |       |     3 |     4 |     1 ||     8
       Scroll            |       |     2 |     5 |     5 ||    12
 Stab: Sleeping          |     1 |     1 |       |       ||     2
       Distracted        |       |     1 |     1 |     1 ||     3
       Invisible         |       |       |     7 |       ||     7
Armor: Leather armour    |    36 |     8 |       |       ||    44
       Skin              |       |    24 |       |       ||    24
       Ring mail         |       |    30 |    78 |     8 ||   116
Dodge: Dodged            |    77 |   115 |   337 |    43 ||   572
       Repelled          |       |       |     4 |     1 ||     5
Block: Buckler           |       |       |    18 |     8 ||    26

Table legend: (Time is in decaauts)
 A = Elapsed time spent in this place.
 B = Non-inter-level travel time spent in this place.
 C = Inter-level travel time spent in this place.
 D = Time resting spent in this place.
 E = Time spent auto-exploring this place.
 F = Levels seen in this place.
 G = Mean time per level.
                   A        B        C        D        E       F      G
               +--------+--------+--------+--------+--------+-----+--------+
         Total |   9828 |   9480 |    348 |   1632 |   6285 |  10 |  982.8 |
       Dungeon |   9541 |   9225 |    316 |   1565 |   6181 |   8 | 1192.6 |
        Temple |    100 |     68 |     32 |      0 |     26 |   1 |  100.0 |
         Sewer |    186 |    186 |      0 |     67 |     78 |   1 |  186.0 |
               +--------+--------+--------+--------+--------+-----+--------+

Top non-repeatable levels by time:
     D:5: 1609 daAuts
     D:6: 1585 daAuts
     D:2: 1446 daAuts
     D:4: 1270 daAuts
     D:7: 1075 daAuts
     D:1: 1028 daAuts
     D:3: 813 daAuts
     D:8: 712 daAuts
   Sewer: 186 daAuts
  Temple: 100 daAuts
